 Dungeon Crawl Stone Soup version 0.25.1-2-g60ff931df9 (webtiles) character file.

Game seed: 3903179231523830491

117639 nikku the Warrior (level 16, -3/220 (223) HPs)
             Began as a Demonspawn Berserker on Nov 15, 2020.
             Was a High Priest of Trog.
             Shot with an arrow by a naga sharpshooter (7 damage)
             ... on level 2 of the Snake Pit on Nov 16, 2020.
             The game lasted 01:15:47 (28857 turns).

nikku the Warrior (Demonspawn Berserker)           Turns: 28857, Time: 01:15:48

HP:   -3/220 (223)  AC: 30    Str: 26    XL:     16   Next: 23%
MP:   16/16         EV:  5    Int:  8    God:    Trog [*****.]
Gold: 870           SH: 20    Dex: 11    Spells: 15/15 levels left

rFire    + . .     SeeInvis +   H - +11 war axe "Isipo" {vorpal, +Rage SInv}
rCold    + . .     Gourm    .   s - +2 kite shield
rNeg     . . .     Faith    .   u - +0 plate armour
rPois    +         Spirit   .   I - +0 mask of the Dragon {MR+ Slay+3 SInv}
rElec    .         Reflect  +   w - +1 cloak
rCorr    .         Harm     .   v - +2 pair of gloves
MR       +++++                  G - +2 pair of boots "Quumut" {Str+2 Dex-3 Slay+3}
Stlth    ..........             p - amulet of reflection
HPRegen  1.00/turn              a - ring of protection from cold
MPRegen  0.15/turn              L - ring of protection from magic

@: berserking, lethally poisoned (-3 -> -6), regenerating, constricted, studying
Armour, very quick
A: hooves 2, slimy green scales 3, fire resistance 1, powered by death 1, robust
1, inhibited regeneration, flame cloud immunity
a: Berserk, Trog's Hand, Brothers in Arms, Renounce Religion, Evoke Berserk Rage


You were on level 2 of the Snake Pit.
You worshipped Trog.
Trog was extremely pleased with you.
You were very hungry.

You visited 4 branches of the dungeon, and saw 25 of its levels.
You visited the Abyss 2 times.

You collected 2747 gold pieces.
You spent 1877 gold pieces at shops.

Inventory:

Hand Weapons
 t - a +9 war axe
 E - a +4 war axe of electrocution
 H - the +11 war axe "Isipo" (weapon) {vorpal, +Rage SInv}
   (Trog gifted it to you on level 2 of the Orcish Mines)

   It inflicts extra damage upon your enemies.
   It lets you see invisible.
   It lets you go berserk.
Missiles
 x - 13 javelins (quivered)
Armour
 s - a +2 kite shield (worn)
 u - a +0 plate armour (worn)
 v - a +2 pair of gloves (worn)
 w - a +1 cloak (worn)
 G - the +2 pair of boots "Quumut" (worn) {Str+2 Dex-3 Slay+3}
   (You bought it in a shop on level 13 of the Dungeon)

   It affects your strength (+2).
   It affects your dexterity (-3).
   It affects your accuracy and damage with ranged weapons and melee attacks
   (+3).
 I - the +0 mask of the Dragon (worn) {MR+ Slay+3 SInv}
   (You bought it in a shop on level 13 of the Dungeon)

   It affects your accuracy and damage with ranged weapons and melee attacks
   (+3).
   It affects your resistance to hostile enchantments.
   It lets you see invisible.
Jewellery
 a - a ring of protection from cold (left hand)
 p - an amulet of reflection (around neck)
 L - a ring of protection from magic (right hand)
Wands
 d - a wand of random effects (66)
 h - a wand of iceblast (39)
 i - a wand of enslavement (10)
 y - a wand of paralysis (6)
 D - a wand of polymorph (16)
 F - a wand of disintegration (10)
 N - a wand of digging (6)
Scrolls
 b - 4 scrolls of teleportation
 e - 20 scrolls of remove curse
 g - 2 scrolls of immolation
 j - 2 scrolls of fog
 z - 6 scrolls of identify
 B - 2 scrolls of magic mapping
 M - a scroll of fear
Potions
 f - 6 potions of mutation
 k - 2 potions of ambrosia
 l - 7 potions of haste
 m - 4 potions of flight
 n - a potion of heal wounds
 o - 5 potions of lignification
 q - 7 potions of curing
 A - 3 potions of might
 C - a potion of resistance
Books
 J - a manual of Armour
Comestibles
 c - 30 rations


   Skills:
 + Level 15.1 Fighting
 + Level 14.0 Axes
 + Level 15.1 Armour
 - Level 1.7 Dodging
 + Level 12.4 Shields


You had 15 spell levels left.
You didn't know any spells.
Your spell library was empty.

Dungeon Overview and Level Annotations

Branches:
Dungeon (15/15)            Temple (0/1) D:6            Lair (6/6) D:9
  Swamp (0/4) Lair:2        Snake (2/4) Lair:3        Slime (0/5) Lair:6
    Orc (2/2) D:11            Elf (0/3) Orc:2        Vaults (0/5) D:13
 Depths (0/5) D:15

Altars:
Ashenzari
Dithmenos
Kikubaaqudgha
Nemelex Xobeh
Trog
Vehumet
Wu Jian
Xom
Zin
The Shining One
Beogh

Shops:
D:11 *   D:13 *[   Orc:2 *?(([

Annotations:
D:4 3 runed translucent doors, othur's ghost, amateur GrFi
Lair:4 1 runed translucent door, 15bullets's ghost, journeyman TrMo
Snake:2 Frances


Innate Abilities, Weirdness & Mutations

You have hoof-like feet.
You are completely covered in slimy green scales. (AC +4, rPois)
Your flesh is heat resistant. (rF+)
You regenerate a little health from kills.
You are immune to clouds of flame.
You are robust. (+10% HP)
You do not regenerate when monsters are visible.


Message History

You kill the anaconda!
Trog accepts your kill.
You slash the nagaraja! You closely miss the black mamba. You hit the naga.
You slice Frances!!
Your plate armour prevents you from hitting the naga mage.
You feel sick.
The black mamba bites you but does no damage.
You block the salamander's attack.
Frances mutters in a terrible tongue.
The shard of ice reflects off an invisible shield around you!
The shard of ice hits Frances!!!
The naga hits you but does no damage. The nagaraja closely misses you.
You block the nagaraja's attack.
You are too berserk!
You feel sick. The black mamba barely misses you.
You block the naga mage's attack. The naga mage grabs you.
You stop ascending the stairs.
The naga mage constricts you.
The naga sharpshooter gestures wildly while chanting.
The naga sharpshooter magically shoots an arrow.
The arrow hits you!
You die...

.............##
..............#
...N...N......#
.......<...N..#
.......NNN....#
#.....NNNN....#
#.....N@N.....#
#...N.S@).....#
#....NNNS.....#
...............
....N..[....!..
....../......#.
.............#
...#.....##..#
..##..#### ..#


You could see Frances, 3 naga warriors, 2 nagarajas, 2 naga sharpshooters, a
salamander mystic, a salamander, a naga ritualist, 2 black mambas, 2 naga magi
and 5 nagas.

Vanquished Creatures
  Rupert (D:12)
  Jorgrun (Snake:2)
  Kirke (D:13)
  Gastronok (Lair:3)
  The ghost of Gasan the Black Sun, a journeyman DrFE of Kikubaaqudgha (D:13)
  3 fire dragons
  An ice dragon (D:13)
  4 vault guards (D:13)
  2 naga warriors (Snake:1)
  Harold (D:10)
  6 hydras
  4 anacondas
  7 centaur warriors
  3 two-headed ogres
  A tengu warrior (D:15)
  2 naga sharpshooters (Snake:1)
  8 shock serpents
  Sonja (D:11)
  Nergalle (D:11)
  5 skeletal warriors (D:14)
  3 unseen horrors
  A swamp dragon (Lair:6)
  A wolf spider zombie (D:12)
  Pikel (D:5)
  2 orc sorcerers (Orc:2)
  A deep elf mage (D:15)
  3 orc knights
  10 ugly things
  5 cyclopes
  A salamander (Snake:1)
  Maurice (D:11)
  4 manticores
  A guardian serpent (Snake:1)
  9 black mambas
  A gargoyle (D:13)
  2 naga magi
  A torpor snail (Lair:6)
  12 spiny frogs
  5 kobold demonologists
  A hellion (D:11)
  5 rime drakes
  8 komodo dragons
  2 freezing wraiths (D:15)
  5 tengu conjurers
  3 meliai (D:14)
  11 polar bears
  6 trolls
  20 blink frogs
  10 hippogriffs
  A raiju (Lair:6)
  Grinder (D:6)
  A dream sheep (Lair:6)
  A slime creature (D:13)
  A hornet (D:13)
  Sigmund (D:5)
  A centaur simulacrum (D:14)
  A vampire (D:15)
  6 shadows
  46 yaks
  3 wyverns
  5 wraiths
  A human (shapeshifter) (D:13)
  Eustachio (D:6)
  4 hogs (D:7)
  A human (D:7)
  2 hungry ghosts
  9 vampire mosquitoes
  9 basilisks
  Menkaure (D:7)
  12 nagas
  7 wargs
  A soldier ant (D:15)
  Edmund (D:5)
  An acid dragon (Lair:6)
  2 swamp worms (Lair:2)
  14 hell hounds (Lair:6)
  10 porcupines
  19 water moccasins
  2 swamp drakes (Lair:6)
  28 orc warriors
  11 black bears (Lair:6)
  4 sky beasts
  4 phantoms
  4 slaves (D:5)
  8 ogres
  2 eyes of draining
  4 boggarts (Lair:6)
  A hornet zombie (D:10)
  15 wolves (Lair:6)
  27 centaurs
  20 crocodiles
  6 big kobolds
  Blork the orc (D:6)
  A gnoll sergeant (D:6)
  19 bullfrogs
  A wyvern zombie (D:12)
  5 scorpions
  A wyvern skeleton (D:13)
  13 killer bees
  25 wights
  An electric eel (Lair:2)
  5 howler monkeys
  A quasit (D:9)
  3 bullfrog zombies
  11 crimson imps
  2 centaur zombies
  7 jellies
  9 hounds
  22 orc priests
  25 orc wizards
  Crazy Yiuf (D:7)
  2 centaur skeletons
  8 iguanas
  Ijyb (D:3)
  8 worker ants
  Terence (D:2)
  A killer bee zombie (D:10)
  A hound zombie (D:10)
  A howler monkey skeleton (D:8)
  5 gnolls (D:6)
  11 adders
  5 shadow imps
  4 white imps (Abyss:2)
  5 oozes
  A worm (D:3)
  8 dart slugs
  8 leopard geckos
  93 orcs
  2 ball pythons
  2 giant cockroaches
  7 hobgoblins
  10 jackals
  19 kobolds
  5 quokkas
  9 bats
  7 frilled lizards
  10 goblins
  A leopard gecko skeleton (D:4)
  A quokka skeleton (D:7)
  4 rats
  4 fungi
  4 plants (Lair:6)
889 creatures vanquished.

Vanquished Creatures (collateral kills)
  An orc warlord (Orc:2)
  An orc sorcerer (Orc:2)
  A naga mage (Snake:2)
  A troll (Orc:2)
  A warg (Orc:2)
  3 orc warriors (Orc:2)
  An ogre (Orc:2)
  2 orc priests (Orc:2)
  6 orcs (Orc:2)
17 creatures vanquished.

Vanquished Creatures (others)
  Fannar (D:10)
  A fire crab (Lair:6)
  A blink frog (Lair:6)
  4 fungi
  24 plants (Lair:6)
  A starspawn tentacle (Abyss:2)
32 creatures vanquished.

Grand Total: 938 creatures vanquished

Notes
Turn   | Place    | Note
-------+----------+-------------------------------------------
     0 | D:1      | nikku the Demonspawn Berserker began the quest for the Orb.
     0 | D:1      | Reached XP level 1. HP: 18/18 MP: 1/1
   616 | D:1      | Gained mutation: You are partially covered in slimy green
                  | scales. (AC +2) [demonic ancestry]
   616 | D:1      | Reached XP level 2. HP: 18/24 MP: 2/2
  1450 | D:2      | Gained mutation: You are mostly covered in slimy green
                  | scales. (AC +3) [potion of mutation]
  1450 | D:2      | Gained mutation: You are robust. (+10% HP) [potion of
                  | mutation]
  1458 | D:2      | Gained mutation: You have large cloven feet. [demonic
                  | ancestry]
  1458 | D:2      | Reached XP level 3. HP: 31/31 MP: 3/3
  1695 | D:2      | Reached ** piety under Trog
  1846 | D:2      | Gained mutation: You have hoof-like feet. [demonic
                  | ancestry]
  1846 | D:2      | Reached XP level 4. HP: 40/40 MP: 4/4
  2258 | D:2      | Noticed Terence
  2264 | D:2      | Killed Terence
  2730 | D:3      | Found a radiant altar of Vehumet.
  2736 | D:3      | Reached XP level 5. HP: 46/46 MP: 5/5
  2736 | D:3      | Noticed Ijyb
  2759 | D:3      | Killed Ijyb
  3011 | D:3      | Noticed a sky beast
  3025 | D:3      | Killed a sky beast
  3025 | D:3      | Reached XP level 6. HP: 28/53 MP: 6/6
  3432 | D:4      | Found a runed translucent gate.
  3432 | D:4      | Found a runed translucent gate.
  3432 | D:4      | Found a runed translucent gate.
  3433 | D:4      | Noticed othur's ghost (amateur GrFi)
  3433 | D:4      | Noticed othur's ghost (amateur GrFi)
  3434 | D:4      | Noticed othur's ghost (amateur GrFi)
  3489 | D:4      | Noticed a troll
  3500 | D:4      | Killed a troll
  3500 | D:4      | Reached skill level 5 in Fighting
  3500 | D:4      | Mutation became permanent: You are partially covered in
                  | slimy green scales. (AC +2) [demonic ancestry]
  3500 | D:4      | Gained mutation: You are mostly covered in slimy green
                  | scales. (AC +3) [demonic ancestry]
  3500 | D:4      | Reached XP level 7. HP: 11/61 MP: 7/7
  3694 | D:4      | Reached skill level 5 in Axes
  4580 | D:5      | Entered Level 5 of the Dungeon
  4592 | D:5      | Reached skill level 5 in Armour
  4817 | D:5      | Found a shimmering altar of Xom.
  4833 | D:5      | Reached XP level 8. HP: 61/70 MP: 8/8
  5008 | D:5      | Noticed Edmund
  5008 | D:5      | Noticed Sigmund
  5022 | D:5      | Killed Edmund
  5028 | D:5      | Killed Sigmund
  5105 | D:5      | Noticed Pikel
  5142 | D:5      | Killed Pikel
  5593 | D:6      | Noticed Grinder
  5605 | D:6      | Killed Grinder
  5605 | D:6      | Gained mutation: You are completely covered in slimy green
                  | scales. (AC +4, rPois) [demonic ancestry]
  5605 | D:6      | Reached XP level 9. HP: 78/79 MP: 9/9
  5758 | D:6      | Found an ancient bone altar of Kikubaaqudgha.
  5760 | D:6      | Found a sparkling altar of Nemelex Xobeh.
  5762 | D:6      | Found a glowing golden altar of the Shining One.
  5762 | D:6      | Found a shattered altar of Ashenzari.
  5771 | D:6      | Found a staircase to the Ecumenical Temple.
  5780 | D:6      | Reached *** piety under Trog
  5845 | D:6      | Noticed Eustachio
  5863 | D:6      | Killed Eustachio
  5901 | D:6      | Found an ornate altar of the Wu Jian Council.
  5984 | D:6      | Noticed Blork the orc
  5988 | D:6      | Killed Blork the orc
  6158 | D:6      | Found a bloodstained altar of Trog.
  6249 | D:7      | Reached skill level 1 in Shields
  6350 | D:7      | Noticed Menkaure
  6362 | D:7      | Killed Menkaure
  6650 | D:7      | Gained mutation: Your flesh is heat resistant. (rF+)
                  | [demonic ancestry]
  6650 | D:7      | Reached XP level 10. HP: 74/90 MP: 10/10
  6788 | D:7      | Found a glowing silver altar of Zin.
  6933 | D:7      | Found a runed translucent door.
  6934 | D:7      | Noticed Crazy Yiuf
  7342 | D:7      | Killed Crazy Yiuf
  8313 | D:9      | Found a staircase to the Lair.
  8560 | D:9      | Reached **** piety under Trog
  9402 | D:10     | Entered Level 10 of the Dungeon
  9566 | D:10     | Noticed Harold
  9585 | D:10     | Killed Harold
  9593 | D:10     | Gained mutation: You regenerate a little health from kills.
                  | [demonic ancestry]
  9593 | D:10     | Reached XP level 11. HP: 99/99 MP: 11/11
  9681 | D:10     | Noticed Fannar
  9706 | D:10     | Killed Fannar
  9706 | D:10     | Reached skill level 5 in Shields
 10022 | D:10     | Reached skill level 10 in Fighting
 10395 | D:10     | Reached ***** piety under Trog
 10686 | Lair:1   | Entered Level 1 of the Lair of Beasts
 12107 | Lair:2   | Noticed a four-headed hydra
 12114 | Lair:2   | Killed a seven-headed hydra
 12277 | Lair:2   | Reached skill level 10 in Axes
 12329 | Lair:2   | Found a staircase to the Swamp.
 12976 | Lair:2   | Reached XP level 12. HP: 52/108 MP: 12/12
 13601 | Lair:2   | Reached skill level 10 in Armour
 14124 | Lair:3   | Found a staircase to the Snake Pit.
 14181 | Lair:3   | Noticed Gastronok
 14205 | Lair:3   | Killed Gastronok
 15128 | Lair:4   | Noticed a seven-headed hydra
 15141 | Lair:4   | Killed a 14-headed hydra
 15219 | Lair:4   | Found a runed translucent door.
 15787 | Lair:4   | Noticed a seven-headed hydra
 15798 | Lair:4   | Killed a ten-headed hydra
 16374 | Lair:4   | Noticed 15bullets's ghost (journeyman TrMo)
 16544 | Lair:5   | Reached XP level 13. HP: 118/118 MP: 13/13
 16661 | Lair:5   | Received a gift from Trog
 17404 | Lair:6   | Entered Level 6 of the Lair of Beasts
 17570 | Lair:6   | Found a staircase to the Slime Pits.
 18279 | Lair:5   | HP: 5/119 [poisoned by a black mamba]
 18289 | Lair:5   | HP: 5/119 [poisoned by a black mamba]
 18295 | Lair:5   | HP: 4/119 [poisoned by a black mamba]
 18303 | Lair:5   | HP: 3/119 [poisoned by a black mamba]
 18311 | Lair:5   | HP: 4/119 [poisoned by a black mamba]
 19522 | Lair:6   | Received a gift from Trog
 19562 | Lair:6   | Noticed a fire dragon
 19573 | Lair:6   | Killed a fire dragon
 19573 | Lair:6   | Reached XP level 14. HP: 129/129 MP: 14/14
 20017 | D:11     | Reached skill level 10 in Shields
 20201 | D:11     | Noticed Nergalle
 20213 | D:11     | Killed Nergalle
 20375 | D:11     | Noticed Maurice
 20385 | D:11     | Killed Maurice
 20395 | D:11     | Noticed Sonja
 20416 | D:11     | Cast into level 2 of the Abyss (Sonja)
 20506 | D:11     | Escaped the Abyss
 20519 | D:11     | Cast into level 2 of the Abyss (Sonja)
 20552 | Abyss:2  | Noticed a tentacled starspawn
 20574 | Abyss:3  | Found a roughly hewn altar of Beogh.
 20602 | D:11     | Escaped the Abyss
 20619 | D:11     | Killed Sonja
 20727 | D:11     | Found a staircase to the Orcish Mines.
 20801 | D:11     | Found Puckidd's General Store.
 21138 | Orc:1    | Entered Level 1 of the Orcish Mines
 21247 | Orc:1    | Received a gift from Trog
 21452 | Orc:2    | Entered Level 2 of the Orcish Mines
 21452 | Orc:2    | Found a staircase to the Elven Halls.
 21458 | Orc:2    | Found Deughuff's Magic Scroll Shoppe.
 21637 | Orc:2    | Found a roughly hewn altar of Beogh.
 21852 | Orc:2    | Noticed an orc warlord
 21866 | Orc:2    | Found Zuerch's Antique Armour Emporium.
 21869 | Orc:2    | Killed an orc warlord
 21873 | Orc:2    | Found a roughly hewn altar of Beogh.
 21885 | Orc:2    | Found Vodd's Antique Weapon Shoppe.
 21960 | Orc:2    | Received a gift from Trog
 21964 | Orc:2    | Got a crude war axe {god gift}
 21965 | Orc:2    | Identified the +11 war axe "Isipo" {vorpal, +Rage SInv}
                  | (Trog gifted it to you on level 2 of the Orcish Mines)
 22034 | Orc:2    | Found a roughly hewn altar of Beogh.
 22035 | Orc:2    | Found Jamen's Weapon Emporium.
 22328 | Orc:2    | Found a roughly hewn altar of Beogh.
 22328 | Orc:2    | Found Sefivvi's General Store.
 22341 | Orc:2    | Paralysed by an orc sorcerer for 7 turns
 22567 | Orc:2    | Bought a scroll of acquirement for 676 gold pieces
 22567 | Orc:2    | Acquired a manual of Armour
 22723 | Orc:2    | Found a roughly hewn altar of Beogh.
 22876 | D:12     | Gained mutation: You do not regenerate when monsters are
                  | visible. [a neqoxec]
 23517 | D:12     | Noticed Rupert
 23535 | D:12     | Killed Rupert
 23797 | D:12     | You fall into a shaft and drop 1 floor!
 24016 | D:13     | Found Tuwnoivosu's Antique Armour Shoppe.
 24039 | D:13     | Bought a pair of polished boots for 266 gold pieces
 24039 | D:13     | Bought the +0 mask of the Dragon {MR+ Slay+3 SInv} for 935
                  | gold pieces
 24039 | D:13     | Found the +0 mask of the Dragon {MR+ Slay+3 SInv}
 24044 | D:13     | Identified the +2 pair of boots "Quumut" {Str+2 Dex-3
                  | Slay+3} (You bought it in a shop on level 13 of the
                  | Dungeon)
 24301 | D:13     | Noticed Gasan's ghost (journeyman DrFE)
 24311 | D:13     | Found a transporter.
 24319 | D:13     | Found a transporter.
 24332 | D:13     | Received a gift from Trog
 24336 | D:13     | Reached XP level 15. HP: 138/138 MP: 15/15
 24349 | D:13     | Killed Gasan's ghost
 24562 | D:13     | Noticed Kirke
 24573 | D:13     | Killed Kirke
 24614 | D:13     | Found a gate to the Vaults.
 24688 | D:13     | Found Qufoamp's General Store.
 25392 | D:14     | Found a shadowy altar of Dithmenos.
 25997 | D:15     | Entered Level 15 of the Dungeon
 26664 | D:15     | Received a gift from Trog
 26958 | D:15     | Found a staircase to the Depths.
 27272 | Snake:1  | Entered Level 1 of the Snake Pit
 27559 | Snake:1  | Gained mutation: You are immune to clouds of flame.
                  | [demonic ancestry]
 27559 | Snake:1  | Reached XP level 16. HP: 90/145 MP: 16/16
 28099 | Snake:1  | Reached skill level 15 in Fighting
 28844 | Snake:2  | Noticed Jorgrun
 28844 | Snake:2  | Noticed Frances
 28853 | Snake:2  | Reached skill level 15 in Armour
 28854 | Snake:2  | Killed Jorgrun
 28855 | Snake:2  | HP: 7/220 [something (15)]
 28857 | Snake:2  | Shot with an arrow by a naga sharpshooter

Illustrated notes

Levels and vault maps discovered:
D:1:      wander_arrival_chamber, layout_basic
D:2:      cheibrodos_old_hovel, layout_basic, uniq_terence
D:3:      layout_loops_ring, old_standard_altar, uniq_ijyb
D:4:      layout_basic, gammafunk_ghost_cemetery, first_ration
D:5:      layout_basic, led_xom_imps, uniq_pikel, uniq_edmund, uniq_sigmund
D:6:      layout_cave_pools, lightli_temple_of_fire, grunt_temple_overflow_open,
          overflow_temple_1_default, temple_fountains, uniq_blork_the_orc,
          uniq_eustachio, uniq_grinder
D:7:      layout_loops_cross, kennysheep_mini_moat, grunt_livestock,
          uniq_menkaure, uniq_crazy_yiuf_cottage
D:8:      layout_cave_pods
D:9:      layout_stronghold, lair_entry_dummy
D:10:     layout_basic, uniq_fannar, uniq_harold
D:11:     minmay_general_purpose_star, layout_basic, orc_0_dummy, serial_shops,
          shop, uniq_maurice, uniq_sonja, uniq_nergalle
D:12:     layout_long_grid, uniq_rupert
D:13:     layout_roguey, lightli_vaults_fourway_checkpoint,
          gammafunk_ghost_arena, serial_shops, nicolae_shop_crystal,
          shop_statue, special_room [special_room_bee],
          minmay_fractal_squares_diagonal_5, uniq_kirke
D:14:     layout_basic, nicolae_dithmenos_the_darkroom
D:15:     grunt_enter_depths_hoard, layout_basic, chequers_serial_rivers_micro_d
Lair:1:   layout_regular_city
Lair:2:   layout_small_grid, nicolae_swamp_entry_splash_gauntlet
Lair:3:   layout_chaotic_city, guppyfry_snake_entry_island, uniq_gastronok
Lair:4:   layout_regular_city, ebering_ghost_reflecting_pool
Lair:5:   layout_cave_pods, serial_bayou_pond_a, chequers_serial_rivers_room_b,
          grunt_megastairs_2
Lair:6:   guppyfry_lair_end_dragon, layout_loops_ring,
          hangedman_lair_caniforms_friends, nicolae_slime_entry_slimehenge,
          kilobyte_rumbling_trees
Snake:1:  layout_honeycomb
Snake:2:  layout_gridlike, grunt_ministairs_15, evilmike_ambush
          [evilmike_ambush_outer_basic, evilmike_ambush_inner_wall_2],
          uniq_vashnia, uniq_jorgrun, uniq_frances, uniq_aizul
Orc:1:    layout_diamond_mine
Orc:2:    grunt_orc_community_town_hall, layout_diamond_mine,
          grunt_orc_community_big_house_1, grunt_orc_community_big_house_1,
          grunt_orc_community_house_1, grunt_orc_community_house_1,
          grunt_orc_community_house_1, grunt_orc_community_house_2,
          grunt_orc_community_house_2, serial_shops, nicolae_shop_crystal

Skill      XL: |  1  2  3  4  5  6  7  8  9 10 11 12 13 14 15 16 |
---------------+-------------------------------------------------+-----
Armour         | 2 3 4 5 6 7 8 9 10 11 13 14 15 | 15.1
Axes           | 3 4 5 6 8 9 10 11 12 13 14 | 14.0
Fighting       | 4 5 6 7 8 9 10 12 13 14 15 | 15.1
Shields        | 2 4 6 8 9 11 12 | 12.4
Dodging        | |  1.7

Action                   |  1- 3 |  4- 6 |  7- 9 | 10-12 | 13-15 | 16-18 || total
-------------------------+-------+-------+-------+-------+-------+-------++-------
Melee: Hand axe          |   106 |   144 |   130 |       |       |       ||   380
       Kick              |     7 |    31 |    59 |   238 |   312 |       ||   647
       War axe           |       |       |   100 |   700 |  1375 |    56 ||  2231
Throw: Dart              |       |       |       |     1 |     9 |       ||    10
Invok: Berserk           |     2 |     1 |     2 |     8 |    11 |     1 ||    25
       Trog's Hand       |       |     5 |    11 |    10 |    32 |     1 ||    59
       Brothers in Arms  |       |       |       |       |     2 |     1 ||     3
  Use: Potion            |     4 |       |       |       |     3 |       ||     7
       Scroll            |     2 |     2 |     5 |     9 |    17 |       ||    35
 Stab: Confused          |       |       |       |       |     1 |       ||     1
  Eat: Chunk             |     4 |     7 |     3 |    34 |    42 |     3 ||    93
       Ration            |       |       |     4 |     3 |     6 |       ||    13
Armor: Animal skin       |    15 |       |       |       |       |       ||    15
       Leather armour    |    16 |    14 |       |       |       |       ||    30
       Scale mail        |       |    34 |    44 |       |       |       ||    78
       Chain mail        |       |       |   114 |   118 |       |       ||   232
       Plate armour      |       |       |       |   368 |   673 |    38 ||  1079
Dodge: Dodged            |    76 |    78 |   102 |   176 |   263 |    15 ||   710
Block: Kite shield       |       |       |    20 |   384 |   857 |    76 ||  1337
       Reflection        |       |       |       |       |    56 |    11 ||    67
